[Event "*** Titled Tuesday Blitz"]
[Site "Chess.com"]
[Date "2020.10.27"]
[Round "6"]
[White "AntonovaNadezhda"]
[Black "levallem"]
[Result "1-0"]
[WhiteElo "2132"]
[BlackElo "2286"]
[TimeControl "180+1"]
[EndTime "11:07:46 PDT"]
[Termination "AntonovaNadezhda won by resignation"]

1. d4 Nf6 2. Nf3 g6 3. Nbd2 Bg7 4. e4 d5 5. e5 Ng8 6. Bd3 e6 7. O-O Ne7 8. c3 O-O 9. h4 h5 10. Ng5 Nf5 11. g3 b6 12. Qe2 a5 13. Bxf5 exf5 14.
Re1 Be6 15. Nf1 Nd7 16. Ne3 Re8 17. Ng2 c5 18. Nf4 Nf8 19. Be3 c4 20. b3 b5 21.
bxc4 bxc4 22. Rab1 Rb8 23. Qc2 Qd7 24. Rb2 Qc7 25.
Reb1 Bh6 26. a4 Bxg5 27. hxg5 Nd7 28. Rb5 Rxb5 29. Rxb5 Rb8 30. Nxd5 Bxd5 31. Rxd5 Nf8 32. Rb5 Ne6 33. d5 Nd8 34. d6 Qc8 35. Qb2 Rxb5 36. Qxb5 Ne6 37. f4 Kg7 38. Qxa5 Qb7 39. Qb6 Qf3 40. Bf2 Qd1+ 41. Kg2 Qd5+ 42. Kf1 Qd1+ 43.
Be1 Qf3+ 44. Qf2 Qd3+ 45. Qe2 Qd5 46. Qe3 Nc5 47. Ke2 Nxa4 48. Bf2 Nb2 49. Qd4 Qg2 50. e6+ Kf8 51. e7+ Ke8 52. d7+ Kxe7 53. d8=Q+ Ke6 1-0

[Event "*** Titled Tuesday Blitz"]
[Site "Chess.com"]
[Date "2020.10.27"]
[Round "6"]
[White "TheSodabread"]
[Black "Marina_Chess_Rus"]
[Result "0-1"]
[WhiteElo "1921"]
[BlackElo "2280"]
[TimeControl "180+1"]
[EndTime "11:07:49 PDT"]
[Termination "Marina_Chess_Rus won on time"]

1. d4 d5 2. Nc3 Nf6 3. Bf4 c5 4. e3 a6 5. dxc5 e6 6. a3 Bxc5 7. b4 Be7 8. Nf3 O-O 9. Bd3 b6 10.
O-O Bb7 11. Ne5 Nbd7 12. Ne2 Rc8 13. Nd4 Nxe5 14. Bxe5 Nd7 15. Bg3 g6 16. Nf3 Bf6 17. Rc1 e5 18. Be2 Rc3 19. Qd2 Qc8 20. Rfd1 Kg7 21.
Ne1 Rxa3 22. c3 b5 23. Qb2 Ra4 24. Rd2 Nb6 25. Nf3 Re8 26. h3 Nc4 27. Bxc4 dxc4 28. Rcd1 Bxf3 29. gxf3 Qxh3 30. Rd7 h5 31. Qd2 h4 32.
Qd5 Qe6 33. Qxe6 Rxe6 34. Bh2 Ra3 35. R1d6 Rxd6 36. Rxd6 Rxc3 37. Rxa6 Rb3 38. f4 exf4 39. Bxf4 Rxb4 40. Kg2 Rb1 41. Rb6 c3 42. e4 c2 43.
Rc6 b4 44. Rxc2 Rb2 45. Rc4 b3 46. e5 Be7 47. Rc7 Kf8 48. Rc8+ Kg7 49. Re8 Bb4 50.
e6 f6 51. Rb8 Bc5 0-1

[Event "*** Titled Tuesday Blitz"]
[Site "Chess.com"]
[Date "2020.10.27"]
[Round "6"]
[White "Ajedrez_con_German"]
[Black "oskariot"]
[Result "1/2-1/2"]
[WhiteElo "2556"]
[BlackElo "2719"]
[TimeControl "180+1"]
[EndTime "11:07:51 PDT"]
[Termination "Game drawn by stalemate"]

1. d4 Nf6 2. Bf4 g6 3. Nf3 Bg7 4. e3 d6 5. h3 O-O 6. Be2 b6 7. O-O Bb7 8. c4 Nbd7 9. Nc3 e6 10. Bh2 Qe7 11. Rc1 Rfe8 12. Qc2 e5 13. b4 e4 14. Nd2 h5 15. Nb5 Rec8 16. c5 bxc5 17. bxc5 dxc5 18. dxc5 Ne5 19. Nd4 Bd5 20. Nc4 Nd3 21.
Bxd3 exd3 22. Qxd3 Rd8 23. Ne5 Qe8 24. Qc2 Ne4 25. Nef3 Qe7 26. c6 Rab8 27. Rb1 g5 28. Rb7 Rxb7 29. cxb7 Bxb7 30. Qxc7 Qxc7 31. Bxc7 Rc8 32.
Be5 f6 33. Bh2 g4 34. hxg4 hxg4 35. Nh4 Bf8 36. Nhf5 Bd5 37. a4 Rc4 38. a5 Ra4 39.
Bf4 Rxa5 40. Rc1 Rc5 41. Rxc5 Bxc5 42. Nh6+ Kf8 43. Nxg4 a5 44. f3 Bxd4 45. exd4 Nc3 46. Nxf6 Ne2+ 47. Kf1 Nxf4 48. g3 Kf7 49. gxf4 Kxf6 50. Ke2 Kf5 51. Kd2 Kxf4 52. Kc3 Kxf3 53. Kb2 Ke4 54. Ka1 Kd3 55. Kb2 Kc4 56. Ka1 a4 57. Kb2 Kb4 58. Ka1 a3 59. Kb1 Kc3 60. Ka1 Kb3 61. Kb1 Bc4 62. d5 Bd3+ 63. Ka1 Bg6 64. d6 Bf5 65. d7 Bxd7 66. Kb1 a2+ 67.
Ka1 Bc6 1/2-1/2

[Event "*** Titled Tuesday Blitz"]
[Site "Chess.com"]
[Date "2020.10.27"]
[Round "6"]
[White "Th3_Hound"]
[Black "Sankalp_Gupta2003"]
[Result "0-1"]
[WhiteElo "2501"]
[BlackElo "2709"]
[TimeControl "180+1"]
[EndTime "11:07:51 PDT"]
[Termination "Sankalp_Gupta2003 won by checkmate"]

1. e4 c6 2. d4 d5 3. e5 Bf5 4. Nf3 e6 5. Be2 Nd7 6. O-O h6 7. Nbd2 Ne7 8. Nb3 Bh7 9. a4 Nf5 10. a5 a6 11. c4 dxc4 12. Bxc4 Be7 13. Qe2 O-O 14. Bd3 c5 15. dxc5 Nxc5 16. Nxc5 Bxc5 17. Rd1 Qe7 18. Bd2 Rfd8 19. Bc3 Rd7 20. Be4 Rad8 21. h3 Bg6 22. Qc2 Rxd1+ 23. Rxd1 Rxd1+ 24. Qxd1 Ne3 25. Qd3 Bxe4 26. Qxe4 Nd5 27. Bd2 Qd7 28. Qg4 Kf8 29. Qe4 Ne7 30. b4 Ba7 31. Be3 Bxe3 32. Qxe3 Qb5 33.
Qe4 g6 34. Qf4 Ke8 35. Qxh6 Qxb4 36. Qh8+ Kd7 37. Qf8 Qxa5 38. Qxf7 Qc3 39. Qf6 a5 40. Ng5 Qc4 41. Qf7 a4 42. Nh7 Qb4 43. Nf8+ Kc7 44.
Nxe6+ Kb6 45. Nf4 a3 46. g3 Ka7 47. Kg2 Nc6 48. e6 a2 49. Qf6 Qe4+ 50. Kh2 Nd4 51. e7 a1=Q 52. e8=Q Qah1# 0-1

[Event "*** Titled Tuesday Blitz"]
[Site "Chess.com"]
[Date "2020.10.27"]
[Round "6"]
[White "LubovMarkelova"]
[Black "TheChessChannel"]
[Result "1-0"]
[WhiteElo "2239"]
[BlackElo "2431"]
[TimeControl "180+1"]
[EndTime "11:07:51 PDT"]
[Termination "LubovMarkelova won on time"]

1. d4 e6 2. Nf3 Nf6 3. Bf4 Nh5 4.
Bg5 Be7 5. Bxe7 Qxe7 6. e3 f5 7. c4 b6 8. Nc3 Bb7 9. Be2 Nf6 10.
O-O O-O 11. d5 a5 12. Nb5 Na6 13. d6 cxd6 14. Nxd6 Bc6 15. Ne5 Rad8 16. a3 Ne4 17. Nxe4 Bxe4 18. Bf3 Bxf3 19. Qxf3 Qf6 20. Nd3 d5 21.
cxd5 Rxd5 22. Nf4 Rd2 23. Qb7 e5 24. Nd5 Qd6 25. Ne7+ Kh8 26. Qxa6 Qxe7 27. Qxb6 f4 28. exf4 exf4 29. Rfe1 Qf6 30. Qxf6 gxf6 31. b4 axb4 32. axb4 Rc8 33. b5 Rb2 34. Rab1 Rcc2 35. Rxb2 Rxb2 36. g3 f3 37. h4 Rxb5 38. Re3 Rf5 39. Kh2 Kg7 40.
Kh3 h5 41. g4 hxg4+ 42. Kxg4 Rb5 43. Rxf3 Kf7 44. Rf4 Kg7 45. f3 Kg6 46. Kg3 Kg7 47. Ra4 Kg6 48. Kg4 Kg7 49. f4 Kg6 50. Ra8 Rc5 51.
Rg8+ Kf7 52. Ra8 Kg6 53. h5+ Kh6 54. Rh8+ 1-0

[Event "*** Titled Tuesday Blitz"]
[Site "Chess.com"]
[Date "2020.10.27"]
[Round "6"]
[White "BlackBoarder"]
[Black "ChronicUnhappiness"]
[Result "1-0"]
[WhiteElo "2586"]
[BlackElo "2371"]
[TimeControl "180+1"]
[EndTime "11:07:55 PDT"]
[Termination "BlackBoarder won by resignation"]

1. e4 c5 2. Nf3 Nc6 3. Bb5 g6 4. Bxc6 dxc6 5. h3 Bg7 6. d3 Nf6 7. O-O O-O 8. Nc3 e5 9. Nxe5 Nxe4 10. Nxe4 Bxe5 11. Nxc5 b6 12. Ne4 f5 13. Bg5 Qc7 14.
Nc3 c5 15. Nd5 Qd6 16. c4 Rf7 17. Re1 Bb7 18. Qe2 Bxd5 19. Qxe5 Qxe5 20. Rxe5 Bc6 21.
Rae1 Kg7 22. Re7 Rf8 23. R1e6 Rxe7 24. Bxe7 Rc8 25. Bd6 Re8 26. Be5+ Kh6 27. Bf4+ Kh5 28. Rxc6 Re1+ 29. Kh2 g5 30. Bb8 Re2 31. Bxa7 Rxf2 32. Rxb6 f4 33. Kg1 Rd2 34. Rd6 Rxb2 35. Bxc5 Rxa2 36. Bd4 Rd2 37. c5 Kh4 38. Bf2+ Kh5 39. c6 Rd1+ 40. Kh2 g4 41. hxg4+ Kxg4 42. c7 Rc1 43. Rd7 h5 44. Rg7+ Kf5 45. Bb6 Rc2 46. Kh3 Rc1 47. Kh2 Rc2 48. Kg1 Rc1+ 49. Kf2 h4 50. Rg8 Rc2+ 51. Kf1 h3 52. gxh3 Rc1+ 53.
Kf2 Rc2+ 54. Ke1 Rc3 55. c8=Q+ Rxc8 56. Rxc8 f3 57. Rf8+ Ke5 58. Rxf3 Kd5 59. h4 Ke6 60. h5 1-0

[Event "*** Titled Tuesday Blitz"]
[Site "Chess.com"]
[Date "2020.10.27"]
[Round "6"]
[White "anon102030"]
[Black "Msb2"]
[Result "0-1"]
[WhiteElo "2751"]
[BlackElo "2919"]
[TimeControl "180+1"]
[EndTime "11:07:57 PDT"]
[Termination "Msb2 won by resignation"]

1. e4 e6 2. d3 d5 3. Nd2 Nf6 4. g3 dxe4 5. dxe4 b6 6. Bg2 Bb7 7. Ne2 e5 8. O-O Bc5 9. Nc3 O-O 10.
Nb3 Bd6 11. h3 Nbd7 12. Nd5 Nxd5 13. exd5 f5 14. c4 a5 15. f4 a4 16. fxe5 Bxe5 17.
Nd4 Nc5 18. Nxf5 a3 19. Rb1 Bc8 20. g4 Bxf5 21. gxf5 axb2 22. Bxb2 Bxb2 23. Rxb2 Qd6 24. Qg4 Ra3 25. f6 Rg3 26. f7+ Rxf7 27. Qc8+ Qf8 28.
Qxf8+ Rxf8 29. d6 cxd6 30. Rxb6 Rd8 31. Kh2 Rg6 32. Bd5+ Kh8 33. Rb4 Nd3 34. Rb3 Nc5 35. Rbf3 h5 36. Rf8+ Rxf8 37. Rxf8+ Kh7 38. a4 h4 39. a5 Rg3 40. Rf4 g5 41. Rf7+ Kg6 42.
Rf8 Ra3 43. Rd8 Rxa5 44. Rxd6+ Kf5 45. Rd8 Ra2+ 46. Bg2 Ne6 47. Rf8+ Kg6 48. Re8 Nf4 49. Kh1 Rxg2 50. c5 Rc2 51. Rc8 Nxh3 52. c6 g4 53. c7 Kg7 54. Rg8+ Kxg8 55. c8=Q+ Rxc8 0-1

[Event "*** Titled Tuesday Blitz"]
[Site "Chess.com"]
[Date "2020.10.27"]
[Round "6"]
[White "Zmof"]
[Black "Gerodot71"]
[Result "1/2-1/2"]
[WhiteElo "2205"]
[BlackElo "2480"]
[TimeControl "180+1"]
[EndTime "11:07:57 PDT"]
[Termination "Game drawn by repetition"]

1. e4 e5 2. Bc4 Nf6 3. d3 Nc6 4.
Nf3 Bc5 5. O-O d6 6. c3 a6 7. a4 Ba7 8. Nbd2 h6 9. Re1 O-O 10. Nf1 Be6 11. Bxe6 fxe6 12. Ng3 Qe8 13. d4 Kh8 14. h3 Nh5 15. Nxh5 Qxh5 16. Be3 Rf7 17. dxe5 Bxe3 18. Rxe3 Nxe5 19. Nxe5 Qxe5 20. Qd4 Qh5 21. Qc4 Raf8 22. Rf1 e5 23. b4 Qh4 24. Re2 g5 25. b5 axb5 26. axb5 b6 27. Qe6 Rg7 28. Qg4 Rf4 29. Qxh4 Rxh4 30. Ra1 g4 31. hxg4 Rhxg4 32. g3 h5 33. Kg2 Kh7 34. Rh1 Kh6 35. Kf3 Rf7+ 36.
Ke3 Kg5 37. Ra2 h4 38. Rxh4 Rxh4 39. gxh4+ Kxh4 40. Ra8 Kg5 41. Rg8+ Kf6 42. f4 exf4+ 43. Kxf4 Ke6+ 44. Ke3 Kd7 45. Rh8 Rg7 46. Kd4 Rg1 47.
Rh7+ Kc8 48. Rh8+ Kb7 49. Re8 Rb1 50. Kc4 Re1 51. Kd4 Rd1+ 52. Kc4 Rd2 53. e5 Re2 54. e6 Re5 55. e7 Ka7 56. Kd4 Kb7 57. c4 Ka7 58.
Kd3 Kb7 59. Kd4 Ka7 60. Kd3 Kb7 61. Kd4 1/2-1/2

[Event "*** Titled Tuesday Blitz"]
[Site "Chess.com"]
[Date "2020.10.27"]
[Round "6"]
[White "PhileKhoob"]
[Black "Aygehovit1992"]
[Result "1-0"]
[WhiteElo "2471"]
[BlackElo "2631"]
[TimeControl "180+1"]
[EndTime "11:08:02 PDT"]
[Termination "PhileKhoob won on time"]

1. e4 d6 2. d4 g6 3. Nc3 Bg7 4. Nf3 Nf6 5. Be2 O-O 6. O-O c6 7. a4 Nbd7 8. a5 e5 9. h3 Qe7 10. dxe5 dxe5 11. b3 Rd8 12. Ba3 Qe8 13. Bc4 Nf8 14.
Qe2 Nh5 15. Qe3 Ne6 16. Rfd1 Nd4 17. Rac1 Be6 18. Bf1 b5 19. Bc5 Nxf3+ 20. Qxf3 a6 21. Bb6 Rxd1 22. Rxd1 Nf4 23. Kh2 f5 24. g3 Nh5 25.
Bg2 Rc8 26. Qe3 f4 27. Qc5 Qf7 28. Qd6 h6 29. g4 f3 30. Bf1 Nf4 31. Bd8 g5 32.
Bb6 Ng6 33. Be3 Bf8 34. Qd2 Be7 35. Qe1 Bb4 36. Bd2 Rd8 37. Nb1 Qd7 38. Bd3 Bc5 39.
b4 Ba7 40. Be3 Bxe3 41. Qxe3 Qf7 42. Nc3 Nh4 43. Bf1 Ng2 44. Rxd8+ Kg7 45. Bxg2 fxg2 46.
Kxg2 Qe7 47. Rd2 Qxb4 48. Ne2 Qc4 49. Ng3 Kf6 50. Nf5 c5 51. Rd6 Qxc2 52. Qf3 1-0

[Event "*** Titled Tuesday Blitz"]
[Site "Chess.com"]
[Date "2020.10.27"]
[Round "6"]
[White "Rakesh"]
[Black "MVM2008"]
[Result "1-0"]
[WhiteElo "2453"]
[BlackElo "2233"]
[TimeControl "180+1"]
[EndTime "11:08:02 PDT"]
[Termination "Rakesh won on time"]

1. e4 e5 2. Nf3 Nc6 3. d4 exd4 4. Nxd4 g6 5. Nc3 Bg7 6. Be3 Nf6 7. f3 O-O 8. Qd2 d5 9. Nxc6 bxc6 10. O-O-O Be6 11. e5 Nd7 12. f4 c5 13. Nxd5 Qb8 14. Bc4 Kh8 15.
h4 c6 16. Nc3 Bxc4 17. Qxd7 Qb4 18. h5 Rab8 19. Rd6 Qxb2+ 20. Kd2 Be6 21. Qc7 Rbc8 22. Qa5 Bf5 23. Rc1 Qb4 24. Qxc5 Qb2 25. hxg6 fxg6 26. Ne2 Rfd8 27. Bd4 Rxd6 28. Qxd6 Qb7 29.
g4 c5 30. Bc3 Bxg4 31. Rg1 Qf3 32. Qd3 Qxd3+ 33. cxd3 Bf5 34. Ng3 Rd8 35. Nxf5 gxf5 36. Rg5 Bh6 37. Rxf5 Kg8 38. e6 Re8 39. Rxc5 Rxe6 40.
Rc4 Re8 41. Kc2 Rf8 42. Be5 Bg7 43. Rc7 Bxe5 44. fxe5 Re8 45. d4 h5 46. Kd3 h4 47.
Ke4 Rb8 48. Rxa7 h3 49. Ra3 h2 50. Rg3+ Kf7 51. Rh3 Rb2 52. Rh7+ Kg6 53. Rh3 Kg5 54.
e6 Kg4 55. Rh8 Re2+ 56. Kd5 Rxa2 57. Ke5 Re2+ 58. Kf6 Rf2+ 59. Ke7 Re2 60. d5 Kf5 61. Kd7 Rd2 62. Kd6 Ke4 63. e7 1-0

[Event "*** Titled Tuesday Blitz"]
[Site "Chess.com"]
[Date "2020.10.27"]
[Round "6"]
[White "Meri-Arabidze"]
[Black "Brave_spirit12"]
[Result "0-1"]
[WhiteElo "2665"]
[BlackElo "2506"]
[TimeControl "180+1"]
[EndTime "11:08:03 PDT"]
[Termination "Brave_spirit12 won on time"]

1. d4 Nf6 2. c4 e6 3. Nc3 d5 4.
Nf3 Be7 5. Bg5 O-O 6. e3 c6 7. Qc2 h6 8. Bh4 b6 9. Rd1 Re8 10. Bd3 Na6 11. a3 Nc7 12. O-O Bb7 13. Ne5 Rc8 14. b4 Nd7 15. Bg3 Nxe5 16. Bxe5 Bf6 17. f4 c5 18. dxc5 bxc5 19. Bxf6 Qxf6 20. b5 Red8 21.
a4 Qe7 22. Ne2 dxc4 23. Bxc4 Nd5 24. Qb3 Nb4 25. Ng3 Qf6 26. f5 Rxd1 27. Rxd1 Bd5 28. e4 Bxc4 29. Qxc4 Rd8 30. Rxd8+ Qxd8 31. Qxc5 Qd1+ 32. Nf1 Qxa4 33. fxe6 fxe6 34. Qc8+ Kh7 35. Qxe6 Qxb5 36. e5 Qc5+ 37. Kh1 a5 38. Qf5+ Kh8 39. h3 a4 40. Qf7 a3 41. e6 Nd5 42. Qe8+ Kh7 43. Qa8 Qd6 44. Kg1 Nc3 45. Qa5 Qd4+ 46. Kh1 Ne2 47. Qf5+ g6 48. Qf7+ Qg7 49. Qa7 Qxa7 0-1

[Event "*** Titled Tuesday Blitz"]
[Site "Chess.com"]
[Date "2020.10.27"]
[Round "6"]
[White "boasovietica"]
[Black "Margency"]
[Result "1-0"]
[WhiteElo "2502"]
[BlackElo "2655"]
[TimeControl "180+1"]
[EndTime "11:08:03 PDT"]
[Termination "boasovietica won by resignation"]

1. e4 c5 2. Nf3 d6 3. d4 cxd4 4. Nxd4 Nf6 5. Nc3 a6 6. Be3 e6 7.
Be2 Be7 8. O-O O-O 9. Kh1 Re8 10. f4 Qc7 11. Qe1 Nc6 12. Qg3 Bd7 13. Rad1 b5 14. e5 dxe5 15. fxe5 Nxe5 16. Bf4 Bd6 17. Ndxb5 Bxb5 18. Bxb5 Nh5 19. Qh4 Nxf4 20. Qxf4 Rf8 21. Ne4 axb5 22. Nxd6 Ng6 23. Qb4 Rxa2 24. Nxb5 Qxc2 25. Rd2 Qa4 26. Qc5 Ra1 27. Qf2 Rxf1+ 28. Qxf1 Rb8 29.
Nc3 Qf4 30. Rf2 Qc7 31. h3 Ne5 32. Re2 Nc4 33. Qc1 g6 34. Ne4 Qc6 35. Nf6+ Kg7 36.
Qc3 e5 37. Ng4 h5 38. Nxe5 Nxe5 39. Qxe5+ Kh7 40. Qxb8 Qc1+ 41. Kh2 Qd1 42. Qe5 h4 43. Qe3 Qd6+ 44. Qe5 Qd3 45. Rf2 f5 46. Qe7+ Kg8 47. Qxh4 Qd6+ 48. Qf4 Qc5 49. Qg3 Kh7 50. Rf4 Kg7 51.
h4 Qe5 52. h5 Kf8 53. hxg6 Qh8+ 54. Rh4 Qxb2 55. g7+ 1-0

[Event "*** Titled Tuesday Blitz"]
[Site "Chess.com"]
[Date "2020.10.27"]
[Round "6"]
[White "TregubovP"]
[Black "ajian"]
[Result "1/2-1/2"]
[WhiteElo "2519"]
[BlackElo "2352"]
[TimeControl "180+1"]
[EndTime "11:08:04 PDT"]
[Termination "Game drawn by stalemate"]

1. e4 c5 2. Nf3 Nc6 3. c3 d5 4. exd5 Qxd5 5. d4 Nf6 6. Be2 e6 7. O-O Be7 8. c4 Qd8 9. dxc5 Qxd1 10. Rxd1 Bxc5 11. Nc3 O-O 12. a3 a6 13. b4 Bb6 14. c5 Bc7 15. Bg5 h6 16. Bxf6 gxf6 17. Ne4 f5 18. Nd6 Rd8 19. Kf1 Kf8 20. Ke1 Ke7 21.
Nc4 Bd7 22. g3 Be8 23. Rxd8 Rxd8 24. Rd1 Rxd1+ 25. Kxd1 e5 26. Kd2 Ke6 27. Bf1 Bd7 28.
Ne3 Ne7 29. Bg2 Kf6 30. Nh4 Bc6 31. Bxc6 bxc6 32. Kd3 a5 33. bxa5 Bxa5 34. a4 Ke6 35. Kc4 Be1 36. f4 exf4 37. gxf4 Bxh4 38. a5 Nc8 39. a6 Bf2 40. Nc2 Bg1 41. h3 Bh2 42. Nd4+ Kd7 43. Nxf5 Bxf4 44. Kd4 Ke6 45. Ke4 Bb8 46. Nxh6 Ba7 47. Kd4 f5 48. h4 Ne7 49.
h5 Kf6 50. Kc4 Kg5 51. Nf7+ Kxh5 52. Ne5 f4 53. Kd4 Kg5 54. Ke4 Bxc5 55. Nd3 Be3 56. Nxf4 Ba7 57. Nd3 Kf6 58. Nf4 Kf7 59. Ke5 Ke8 60.
Ke6 Kd8 61. Nd3 Nd5 62. Kd6 Ne7 63. Ne5 c5 64. Nc4 Nc8+ 65. Kc6 Bb8 66. Kb7 Ba7 67. Na5 Kd7 68. Nc6 c4 69. Nxa7 Nxa7 70. Kxa7 Kc7 71.
Ka8 c3 72. a7 c2 1/2-1/2

[Event "*** Titled Tuesday Blitz"]
[Site "Chess.com"]
[Date "2020.10.27"]
[Round "6"]
[White "Zhigalko_Sergei"]
[Black "VitaliyBernadskiy"]
[Result "1/2-1/2"]
[WhiteElo "2901"]
[BlackElo "2757"]
[TimeControl "180+1"]
[EndTime "11:08:05 PDT"]
[Termination "Game drawn by repetition"]

1. e4 g6 2. d4 Bg7 3. Nc3 a6 4.
Nf3 b5 5. a4 b4 6. Ne2 a5 7.
Ng3 e6 8. Bd3 Ba6 9. O-O Ne7 10.
Re1 O-O 11. Be3 d6 12. Qd2 Bxd3 13. cxd3 Nd7 14. Bh6 c5 15. Bxg7 Kxg7 16. Rac1 Rc8 17.
h4 cxd4 18. Nxd4 Qb6 19. Nf3 Nc5 20. b3 f6 21. Qe3 e5 22. d4 Ne6 23. Ne2 Qb7 24. Red1 Rxc1 25. Rxc1 Rc8 26. h5 Rxc1+ 27. Nxc1 Qc7 28. Ne2 Qc2 29. dxe5 dxe5 30. Ng3 Nc5 31. h6+ Kf7 32. Nd2 Nc6 33. Ne2 g5 34. Kh2 Kg6 35.
Nc4 Nxb3 36. Qf3 Ncd4 37. Nxe5+ fxe5 38. Qf8 Qxe2 39. Qg7+ Kh5 40. Qxh7 Nf3+ 41. gxf3 Qxf2+ 42. Kh1 Qxf3+ 43. Kh2 Qf2+ 44. Kh1 Qh4+ 45. Kg1 Qg4+ 46. Kh1 Nd4 47. Qf7+ Kh4 48. Qf2+ Kh5 49. h7 Qd1+ 50.
Kg2 Qg4+ 51. Kh1 Qxe4+ 52. Qg2 Qb1+ 53. Qg1 Qe4+ 54. Qg2 Qb1+ 55. Qg1 Qe4+ 56. Qg2 1/2-1/2

[Event "*** Titled Tuesday Blitz"]
[Site "Chess.com"]
[Date "2020.10.27"]
[Round "6"]
[White "Generalas"]
[Black "MatyChess1"]
[Result "0-1"]
[WhiteElo "2344"]
[BlackElo "2541"]
[TimeControl "180+1"]
[EndTime "11:08:07 PDT"]
[Termination "MatyChess1 won by resignation"]

1. e4 c5 2. c3 Nf6 3. e5 Nd5 4. Nf3 Nc6 5. Bc4 Nb6 6. Bb3 g6 7. O-O Bg7 8. Re1 O-O 9. d4 cxd4 10. cxd4 d6 11. Nc3 Bg4 12. e6 Nxd4 13. exf7+ Kh8 14.
Be3 Bxf3 15. gxf3 Nxb3 16. Qxb3 Qd7 17. Bxb6 axb6 18. Nd5 Qh3 19. Rxe7 Be5 20. Rxe5 dxe5 21. Nxb6 Rad8 22. Re1 Qf5 23. Qe3 Rxf7 24. Nc4 Qxf3 25. Nxe5 Qxe3 26. Nxf7+ Kg7 27. Rxe3 Kxf7 28. Rb3 Rd7 29.
Rb6 Ke8 30. Kg2 Kd8 31. a4 Kc7 32. a5 Rd5 33. b4 Rg5+ 34. Kf3 Rh5 35. Kg3 Rg5+ 36.
Kf4 Rg2 37. h4 Rxf2+ 38. Kg5 Rf5+ 39. Kg4 Rd5 40. Kg3 Rd4 41. Rb5 Kc6 42. Rb6+ Kc7 43. Rb5 Rc4 44. h5 gxh5 45. Rxh5 Rxb4 46. Rxh7+ Kb8 47.
Rh5 Ka7 48. Kf3 Ka6 49. Ke3 Rb5 50. Rh6+ Kxa5 51. Kd3 Rc5 52. Rh4 b5 53. Rh8 Rc7 54. Ra8+ Kb4 55. Rb8 Ka4 56. Ra8+ Kb3 57. Rb8 Rd7+ 58.
Ke2 b4 59. Rb6 Kc3 60. Rc6+ Kb2 61. Rb6 b3 62. Rb8 Kc2 63. Rc8+ Kb1 64. Rb8 b2 65. Rb6 Rd5 66. Ke1 Kc2 67. Rc6+ Kb3 68. Rb6+ Kc3 69.
Rc6+ Kb4 70. Rb6+ Rb5 71. Rxb5+ 0-1

[Event "*** Titled Tuesday Blitz"]
[Site "Chess.com"]
[Date "2020.10.27"]
[Round "6"]
[White "Zhani-Z"]
[Black "Smirnov_Pavel"]
[Result "0-1"]
[WhiteElo "2533"]
[BlackElo "2851"]
[TimeControl "180+1"]
[EndTime "11:08:08 PDT"]
[Termination "Smirnov_Pavel won on time"]

1. e4 c5 2. Nf3 Nc6 3. Bb5 g6 4.
O-O Bg7 5. Nc3 Nf6 6. e5 Ng4 7. Re1 Ngxe5 8. Nxe5 Nxe5 9. d3 O-O 10. Bg5 h6 11.
Bh4 g5 12. Bg3 d6 13. f4 gxf4 14. Bxf4 a6 15. Bc4 e6 16. Qd2 b5 17. Bb3 c4 18.
dxc4 bxc4 19. Ba4 Ng6 20. Bxh6 Bxh6 21. Qxh6 d5 22. Rad1 Qh4 23. Qd2 Rb8 24. Re3 Bb7 25. Rg3 Rbd8 26. Qf2 Qh8 27. Re1 Qh5 28. Ne2 e5 29. c3 Rd6 30. Bc2 f5 31. Qc5 Rdf6 32. Qc7 R8f7 33. Qxe5 Qh4 34. Nf4 Qxg3 35. Qe8+ Rf8 36.
Qxf8+ Nxf8 37. hxg3 Kf7 38. Re5 Rb6 39. Rxf5+ Ke7 40.
b4 d4 41. cxd4 Rxb4 42. Rc5 Kd6 43. Rg5 Rb2 44. Bf5 c3 45. Rg8 Ke7 46. Rg7+ Kf6 47. Rg8 Kf7 48. Rg5 c2 49. Bxc2 Rxc2 50. Rf5+ Ke7 51.
g4 Nd7 52. g5 Be4 53. Ra5 Bb7 54. g6 Kf6 55. Rg5 Kxg5 56. g7 Nf6 0-1

[Event "*** Titled Tuesday Blitz"]
[Site "Chess.com"]
[Date "2020.10.27"]
[Round "6"]
[White "teacher4chess"]
[Black "AniJak"]
[Result "1/2-1/2"]
[WhiteElo "2075"]
[BlackElo "2283"]
[TimeControl "180+1"]
[EndTime "11:08:08 PDT"]
[Termination "Game drawn by repetition"]

1. d4 f5 2. Nc3 d5 3. Bf4 Nf6 4. e3 g6 5. Bd3 Bg7 6. f3 O-O 7. Nge2 c6 8. Qd2 Nh5 9. Be5 Nd7 10. Bxg7 Nxg7 11. e4 fxe4 12. fxe4 dxe4 13. Nxe4 e5 14.
Bc4+ Kh8 15. Ng5 Qe7 16. O-O-O Nb6 17. Bb3 Bg4 18. Rde1 Rad8 19. Qe3 Nd5 20. Qxe5 Qxe5 21. dxe5 h6 22. Ne4 Bf5 23. Nd6 b5 24. Nd4 Be6 25.
Nxc6 Rc8 26. Nxc8 Rxc8 27. Nd4 Bg8 28. Nxb5 Nb4 29. Nd6 Rc6 30. Bxg8 Nxc2 31. Bc4 Nxe1 32. Rxe1 Nf5 33. Kd2 Nxd6 34. exd6 Rxc4 35. Re8+ Kg7 36. Kd3 Rc6 37. Re7+ Kf6 38. Rxa7 Rxd6+ 39. Ke3 Re6+ 40. Kf3 Rc6 41. b4 Rc3+ 42. Kf2 Rc2+ 43. Kf1 Rb2 44. a3 Rb3 45. Ra6+ Kf5 46. Rc6 Rxa3 47. b5 Rb3 48. b6 Rb2 49. h3 h5 50. Kg1 g5 51. Kh2 h4 52. Rc5+ Kf4 53. Rc4+ Kf5 54. Rc5+ Kf4 55. Rc4+ Kf5 56. Rc5+ 1/2-1/2

[Event "*** Titled Tuesday Blitz"]
[Site "Chess.com"]
[Date "2020.10.27"]
[Round "6"]
[White "LyonBeast"]
[Black "Onischuk_V"]
[Result "1-0"]
[WhiteElo "3042"]
[BlackElo "2795"]
[TimeControl "180+1"]
[EndTime "11:08:11 PDT"]
[Termination "LyonBeast won by resignation"]

1. d4 d6 2. e4 Nf6 3. Nc3 g6 4. g3 Bg7 5. Bg2 O-O 6. Nge2 e5 7. O-O Nc6 8. dxe5 dxe5 9. h3 h6 10.
Be3 Be6 11. Nd5 Bxd5 12. exd5 Ne7 13. c4 Nf5 14. Bc5 Re8 15. Re1 e4 16. Nd4 Nd6 17.
b3 e3 18. Rxe3 Rxe3 19. fxe3 Nfe4 20. Bb4 Nxg3 21. Qf3 Ngf5 22. Nxf5 Nxf5 23. Rf1 Qg5 24. Bd2 Re8 25. Rf2 Qe7 26. Qf4 b6 27. e4 Nd6 28.
Re2 h5 29. Bf3 Be5 30. Qg5 Qxg5+ 31. Bxg5 Kg7 32. Kg2 a5 33. Be3 f5 34. exf5 Nxf5 35. Bg5 Kf7 36. Be4 Bd6 37. Bd3 Rxe2+ 38. Bxe2 Be7 39. Bd2 Bd6 40. Bd3 Kf6 41. Kf3 g5 42. Bc3+ Be5 43. Be1 Nd6 44. c5 bxc5 45. Bxa5 Nf5 46.
Bd2 Nh4+ 47. Ke4 g4 48. hxg4 hxg4 49. Be3 Bd6 50. a4 Nf5 51. Bg1 Ne7 52. a5 Kg5 53. Ba6 Ng8 54. Bb7 Nf6+ 55. Kd3 Nd7 56. a6 Nb6 57. a7 g3 58. b4 c4+ 59. Kc2 g2 60. Bxb6 cxb6 61. a8=Q Kf4 62. Qg8 Kf3 63. Bc8 Bh2 64.
Qg4+ Kf2 65. Qh4+ Bg3 66. Qd4+ Kf1 67. Bh3 1-0

[Event "*** Titled Tuesday Blitz"]
[Site "Chess.com"]
[Date "2020.10.27"]
[Round "6"]
[White "GjakanTati"]
[Black "TimofeevAr"]
[Result "0-1"]
[WhiteElo "2613"]
[BlackElo "2783"]
[TimeControl "180+1"]
[EndTime "11:08:13 PDT"]
[Termination "TimofeevAr won by resignation"]

1. d4 d5 2. c4 dxc4 3. Nf3 Nf6 4.
e3 e6 5. Bxc4 a6 6. a4 b6 7. O-O Bb7 8. Nc3 c5 9. Qe2 Be7 10. Rd1 Qc7 11. b3 O-O 12. Bb2 Nbd7 13. Rac1 Rfd8 14. h3 cxd4 15. exd4 Qd6 16. Ne5 Nf8 17.
Nb1 Qb8 18. Nd2 Nd5 19. Ndf3 Qd6 20. Ra1 Qb8 21. Qc2 Rc8 22. Qd2 Ng6 23. Nxg6 hxg6 24.
Ne5 Bf6 25. Nd7 Qd6 26. Nxf6+ Nxf6 27. Ba3 Qd7 28. Qb4 Nd5 29. Qe1 b5 30. axb5 axb5 31. Bf1 g5 32. Bc5 Nf4 33. Qe5 f6 34. Qe3 Qd5 35.
f3 Bc6 36. Re1 Kf7 37. Qd2 Rd8 38. Qc2 Kg8 39. b4 Kf7 40. Ra5 Rxa5 41. bxa5 Ra8 42.
Ra1 b4 43. Qd2 b3 44. Qc3 Rb8 45. Bc4 Qd7 46. Kh2 Bd5 47. Bf1 Qc7 48. Kg1 b2 49.
Rb1 Rb3 50. Qc2 Qxa5 51. Rxb2 Rxb2 52. Qxb2 Qe1 53. Qc2 Bxf3 54. gxf3 Nxh3+ 55. Kg2 Nf4+ 56. Kg1 Nh3+ 57. Kg2 Nf4+ 58. Kg1 Qg3+ 59. Bg2 g4 60. fxg4 Qxg4 61. Qf2 Nh3+ 62. Kf1 Nxf2 63. Kxf2 Qf4+ 64. Bf3 g5 65. Kg2 g4 66. Be2 Qe4+ 67. Kf2 f5 68.
Bf1 f4 0-1

[Event "*** Titled Tuesday Blitz"]
[Site "Chess.com"]
[Date "2020.10.27"]
[Round "6"]
[White "AleksibFan"]
[Black "emiliochess"]
[Result "0-1"]
[WhiteElo "2557"]
[BlackElo "2350"]
[TimeControl "180+1"]
[EndTime "11:08:14 PDT"]
[Termination "emiliochess won on time"]

1. d4 d5 2. Nf3 Bf5 3. g3 e6 4.
Bg2 Nf6 5. O-O Be7 6. c4 c6 7. Nc3 O-O 8. Qb3 Qb6 9. c5 Qa6 10. Bf4 Nbd7 11. h3 h6 12. Rfe1 b6 13. cxb6 axb6 14.
Rac1 c5 15. a3 Nh5 16. Be3 Bh7 17. Qd1 Rfc8 18. Qd2 b5 19. dxc5 Nxc5 20. Bxc5 Rxc5 21. Na2 Rac8 22. Rxc5 Rxc5 23. Rc1 Qc8 24. Rxc5 Qxc5 25.
e3 Nf6 26. Nd4 Qc4 27. b3 Qc5 28. Nb4 Ne4 29. Bxe4 Bxe4 30. f3 Bg6 31. Ndc6 Bf6 32. Nd4 Kh7 33. Kg2 h5 34. h4 Qa7 35. Nxb5 Qa5 36.
Qe2 Be7 37. Nc6 Qb6 38. Nxe7 Bb1 39. a4 Qc7 40. Qd1 Ba2 41. Qd3+ g6 42. Nxd5 exd5 43. Qxd5 Qc2+ 44. Kh3 Bxb3 45. Qd4 Be6+ 46. g4 hxg4+ 47.
fxg4 Qf2 48. Qf4 Qe2 49. Nd6 Qa2 50. Ne8 Kg8 51. Nf6+ Kf8 52. Nh7+ Ke7 53. Ng5 Bd5 54. Qe5+ Kd7 55. Qg3 Kc6 56. Nh7 Kc5 57. Nf6 Be6 58. Ne4+ Kb4 59. Nf2 Kxa4 60. e4 Qc4 61. Qe3 Qb3 62.
Kg3 Qxe3+ 0-1